 Dungeon Crawl Stone Soup version 0.21.1-1-g345015f (webtiles) character file.

38 lotte the Magician (level 3, -3/21 HPs)
             Began as an Octopode Wizard on June 30, 2018.
             Shot with a stone by a goblin (6 damage)
             ... on level 2 of the Dungeon.
             The game lasted 00:07:52 (2320 turns).

lotte the Magician (Octopode Wizard)                Turns: 2320, Time: 00:07:53

Health: -3/21      AC:  1    Str:  6    XL:     3   Next: 43%
Magic:  1/8        EV: 13    Int: 21    God:
Gold:   77         SH:  0    Dex: 10    Spells: 6/9 levels left

rFire    . . .     SeeInvis .   p - +0 short sword (curse)
rCold    . . .     Gourm    .   (no shield)
rNeg     . . .     Faith    .   a - +0 hat
rPois    +         Spirit   .   (no amulet)
rElec    .         Reflect  .   d - ring of poison resistance
rCorr    .         Harm     .   (no ring)
MR       .....                  (no ring)
Stlth    +++.......             (no ring)
HPRegen  0.07/turn              (no ring)
MPRegen  0.11/turn              (no ring)
                                (no ring)
                                (no ring)

@: very slightly contaminated
A: almost no armour, stealthy swim, amphibious, 8 rings, constrict 8, camouflage
1, gelatinous body 1
a: no special abilities


You were on level 2 of the Dungeon.
You were not hungry.

You visited 1 branch of the dungeon, and saw 2 of its levels.

You collected 77 gold pieces.

Inventory:

Hand Weapons
 l - a +0 spear
 o - a +2 dagger of venom
 p - a cursed +0 short sword (weapon)
Armour
 a - a +0 hat (worn)
Jewellery
 d - a ring of poison resistance (left tentacle)
Scrolls
 e - a scroll of enchant weapon {unknown}
 f - 2 scrolls of identify {unknown}
 g - a scroll of teleportation {unknown}
 j - a scroll of magic mapping {unknown}
 n - a scroll of enchant armour {unknown}
Potions
 h - 2 potions of agility {unknown}
 i - 2 potions of curing {unknown}
 k - a potion of invisibility {unknown}
 m - a potion of might {unknown}
Books
 b - a book of Minor Magic

   Spells                             Type                      Level
   a - Magic Dart                     Conjuration                  1
   b - Blink                          Translocation                2
   c - Call Imp                       Summoning                    2
   d - Slow                           Hexes                        2
   e - Conjure Flame                  Conjuration/Fire             3
   f - Mephitic Cloud                 Conjuration/Poison/Air       3
Comestibles
 c - 4 rations
 q - 2 chunks of flesh


   Skills:
 - Level 0.1 Polearms
 - Level 2.2 Dodging
 - Level 2.9 Stealth
 - Level 0.1 Unarmed Combat
 + Level 3.7 Spellcasting
 * Level 1.5 Conjurations
 + Level 1.0 Summonings
   Level 1.0 Translocations


You had 6 spell levels left.
You knew the following spells:

 Your Spells              Type           Power        Failure   Level  Hunger
a - Magic Dart            Conj           ##..         6%          1    None
b - Call Imp              Summ           #.......     12%         2    ##.....


Dungeon Overview and Level Annotations

Branches:
Dungeon (2/15)

Altars:
Ashenzari
Xom


Innate Abilities, Weirdness & Mutations

You cannot wear most types of armour.
You are very stealthy in the water. (Stealth+)
You are amphibious.
You can wear up to eight rings at the same time.
You can use your tentacles to constrict eight enemies at once.
Your skin changes colour to match your surroundings (Stealth+).
Your rubbery body absorbs attacks. (AC +1, EV +1)


Message History

Press: ? - help, Shift-Dir - straight line, f/p - goblin
Aim: a goblin, wielding a hunting sling and wearing a scale mail (severely wounded)
The magic dart hits the goblin.
The goblin is severely wounded.
The goblin shoots a stone.
The stone hits you.
* * * LOW HITPOINT WARNING * * *
Casting: Magic Dart
Confirm with . or Enter, or press ? or * to list all spells.
Aiming: Magic Dart
Press: ? - help, Shift-Dir - straight line, f/p - goblin
Aim: a goblin, wielding a hunting sling and wearing a scale mail (severely wounded)
The magic dart hits the goblin.
The goblin is severely wounded.
The goblin shoots a stone.
The stone hits you.
* * * LOW HITPOINT WARNING * * *
The goblin shoots a stone.
The stone barely misses you.
The goblin shoots a stone.
The stone barely misses you.
You see here a stone.
The goblin shoots a stone.
The stone hits you.
You die...

......#...........##
......#.............
......#............
......#####.#####.g
..)...# #.....#[# #
......# ###.###.#.##.####.
......# #.....#.#((.......
..##(.###)....#.#.##.####.
..###......_....@(# # ..#
#.#.#.....##### ..#
###.#.....# ..# #.###.###
..# #.....# ..# #####.#
... ...


You could see a goblin.

Vanquished Creatures
  3 dart slugs (D:1)
  3 bats
  A giant cockroach (D:1)
  3 goblins
  4 hobgoblins
  6 kobolds
  A frilled lizard (D:1)
  4 rats (D:1)
25 creatures vanquished.

Vanquished Creatures (collateral kills)
  An adder (D:2)
1 creature vanquished.

Grand Total: 26 creatures vanquished

Notes
Turn   | Place    | Note
-------+----------+-------------------------------------------
     0 | D:1      | lotte the Octopode Wizard began the quest for the Orb.
     0 | D:1      | Reached XP level 1. HP: 11/11 MP: 4/4
   222 | D:1      | Reached XP level 2. HP: 17/17 MP: 0/6
  1164 | D:1      | Learned a level 2 spell: Call Imp
  1611 | D:2      | Reached XP level 3. HP: 14/21 MP: 0/8
  1879 | D:2      | Found a shimmering altar of Xom.
  1881 | D:2      | Found a shimmering altar of Xom.
  2217 | D:2      | Found a shattered altar of Ashenzari.
  2320 | D:2      | Shot with a stone by a goblin

Action                   || total
-------------------------++-------
Melee: Unarmed           ||    14
       Constrict         ||     9
       Tentacles         ||     3
       Spear             ||     6
       Short sword       ||     4
       Dagger            ||     1
 Cast: Magic Dart        ||    70
       Call Imp          ||     2
  Eat: Chunk             ||     4
Armor: Skin              ||     1
Dodge: Dodged            ||    31
